 Dungeon Crawl Stone Soup version 0.26.1-11-gd32895ea62 (webtiles) character file.

Game seed: 15479571260885457704

42 nothank2 the Skirmisher (level 3, 0/30 HPs)
             Began as a Formicid Fighter on July 14, 2021.
             Succumbed to a worker ant's poison
             ... on level 2 of the Dungeon.
             The game lasted 00:01:24 (946 turns).

nothank2 the Skirmisher (Formicid Fighter)           Turns: 946, Time: 00:01:25

Health: 0/30       AC:  6    Str: 21    XL:     3   Next: 80%
Magic:  3/3        EV:  7    Int:  7    God:
Gold:   33         SH:  9    Dex: 10    Spells: 2/2 levels left

rFire    . . .     SeeInvis +   a - +0 long sword
rCold    . . .     Faith    .   c - +0 kite shield
rNeg     . . .     Spirit   .   b - +0 scale mail
rPois    .         Reflect  .   (helmet unavailable)
rElec    .         Harm     .   (no cloak)
rCorr    .         Rampage  .   (no gloves)
Will     .....                  (no boots)
Stlth    ..........             (no amulet)
HPRegen  0.10/turn              (no ring)
MPRegen  0.08/turn              (no ring)

@: lethally poisoned (0 -> -5)
A: permanent stasis, dig shafts and tunnels, four strong arms, antennae 3
a: Dig, Shaft Self


You were on level 2 of the Dungeon.
You visited 1 branch of the dungeon, and saw 2 of its levels.

You collected 33 gold pieces.

Inventory:

Hand Weapons
 a - a +0 long sword (weapon)
Armour
 b - a +0 scale mail (worn)
 c - a +0 kite shield (worn)
Jewellery
 h - a cursed ring of attention {unknown}
Scrolls
 e - 2 scrolls of fear {unknown}
 f - a scroll of enchant weapon {unknown}
 g - a scroll of remove curse {unknown}
 i - a scroll of teleportation {unknown}
 j - a scroll of identify {unknown}
Potions
 d - a potion of might


   Skills:
 + Level 3.9 Fighting
 * Level 3.3 Long Blades
 - Level 3.2 Armour
 - Level 3.6 Shields


You had 2 spell levels left.
You didn't know any spells.
Your spell library was empty.

Dungeon Overview and Level Annotations

Branches:
Dungeon (2/15)

Altars:


Innate Abilities, Weirdness & Mutations

You cannot be hasted, slowed, berserked, paralysed or teleported.
You can dig through walls and to a lower floor.
Your four strong arms can wield two-handed weapons with a shield.
You have a pair of large antennae on your head. (SInv)


Message History

You closely miss the worker ant.
You feel sick. The worker ant closely misses you.
You riposte.
You hit the worker ant but do no damage.
Your shield and scale mail prevent you from hitting the worker ant.
You feel sick. You block the worker ant's attack. x2
You hit the worker ant.
The worker ant is lightly wounded.
You feel sick. You block the worker ant's attack. The worker ant bites you.
* * * LOW HITPOINT WARNING * * *
You slash the worker ant!
The worker ant is heavily wounded.
The worker ant bites you.
* * * LOW HITPOINT WARNING * * *
You barely miss the worker ant.
The worker ant is heavily wounded.
* * * LOW HITPOINT WARNING * * *
You feel sick. You block the worker ant's attack. x2
You closely miss the worker ant.
The worker ant is heavily wounded.
You die...

.#.... ...... .....#+#
.... # ....... ......
#....###+##.# .#
#...........# .#
#..B.#......##.#
#...@#.........# ..
#............†.# ...
#.......†)#†...# ....
#.#.....†......##....
...#.....#...#........
......#####...+........
#...... #..##........
+...... +...'<.......
..... #####........


You could see a worker ant.

Vanquished Creatures
  An adder (D:2)
  A worm (D:2)
  A dart slug (D:1)
  2 leopard geckos
  4 bats (D:1)
  4 goblins
  3 hobgoblins
  2 jackals (D:1)
  A ball python (D:1)
  A frilled lizard (D:1)
  3 kobolds (D:1)
  3 rats
26 creatures vanquished.

Notes
Turn   | Place    | Note
-------+----------+-------------------------------------------
     0 | D:1      | nothank2 the Formicid Fighter began the quest for the Orb.
     0 | D:1      | Reached XP level 1. HP: 18/18 MP: 1/1
   149 | D:1      | Reached XP level 2. HP: 24/24 MP: 2/2
   521 | D:1      | Reached XP level 3. HP: 30/30 MP: 3/3
   945 | D:2      | HP: 1/30 [poisoned by a worker ant]
   946 | D:2      | Succumbed to a worker ant's poison

Illustrated notes

Levels and vault maps discovered:
D:1:      arrival_zaba_pyramid, layout_loops_ring, minmay_distorted
D:2:      layout_basic

Skill      XL: |  1  2  3 |
---------------+----------+-----
Long Blades    | 3 |  3.3
Fighting       | |  3.9
Armour         | |  3.2
Shields        | |  3.6

Action                   || total
-------------------------++-------
Melee: Long sword        ||    92
Armor: Scale mail        ||    39
Dodge: Dodged            ||    38
Block: Kite shield       ||    48
       Rpst.: Long sword ||    16
